 Dungeon Crawl Stone Soup version 0.27-a0-277-g024f7ef292 (webtiles) character file.

Game seed: 3467870368658751558

12316 MrTvister the Cleaver (level 11, -1/102 HPs)
             Began as a Hill Orc Fighter on Feb 5, 2021.
             Was the Champion of Okawaru.
             Slain by a spatial maelstrom (8 damage)
             ... on level 2 of the Abyss.
             The game lasted 00:56:17 (13198 turns).

MrTvister the Cleaver (Hill Orc Fighter)           Turns: 13198, Time: 00:56:17

Health: -1/102     AC: 14    Str: 21    XL:     11   Next: 91%
Magic:  0/15       EV: 15    Int:  8    God:    Okawaru [******]
Gold:   255        SH: 12    Dex: 10    Spells: 10/10 levels left

rFire    . . .     SeeInvis .   h - +10 hand axe of Generosity {flame, rElec rPois rN++ Str-2}
rCold    . . .     Faith    .   c - +0 kite shield
rNeg     + + .     Spirit   +   u - +0 chain mail
rPois    +         Reflect  .   (no helmet)
rElec    +         Harm     .   t - +0 cloak
rCorr    .         Rampage  .   (no gloves)
Will     .....                  I - +0 pair of boots
Stlth    ..........             q - amulet of guardian spirit
HPRegen  0.27/turn              J - +4 ring of evasion
MPRegen  0.14/turn              F - +4 ring of evasion

@: no status effects
A: no striking features
a: Renounce Religion, Heroism, Finesse


You were on level 2 of the Abyss.
You worshipped Okawaru.
Okawaru was exalted by your worship.
You visited 2 branches of the dungeon, and saw 13 of its levels.
You visited the Abyss 1 time.

You collected 658 gold pieces.
You spent 403 gold pieces at shops.

Inventory:

Hand Weapons
 b - the +4 war axe "Pinum" {vamp, rElec rC+ Str+4 Dex-5}
   (You bought it in a shop on level 11 of the Dungeon)

   It inflicts no extra harm, but heals its wielder when it wounds a living foe.
   It affects your strength (+4).
   It affects your dexterity (-5).
   It protects you from cold.
   It insulates you from electricity.
 h - the +10 hand axe of Generosity (weapon) {flame, rElec rPois rN++ Str-2}
   (You found it on level 4 of the Dungeon)

   It has been specially enchanted to burn those struck by it, causing extra
   injury to most foes and up to half again as much damage against particularly
   susceptible opponents.
   Big, fiery blades are also staple armaments of hydra-hunters.
   It affects your strength (-2).
   It insulates you from electricity.
   It protects you from poison.
   It greatly protects you from negative energy.
 s - a +1 war axe of electrocution
 x - a +6 flail of protection
 K - a +2 broad axe of flaming
Armour
 c - a +0 kite shield (worn)
 f - a +2 ring mail of willpower
 m - a +1 scale mail of fire resistance
 n - a +1 tower shield of positive energy
 r - +0 steam dragon scales
 t - a +0 cloak (worn)
 u - a +0 chain mail (worn)
 I - a +0 pair of boots (worn)
Jewellery
 i - an uncursed ring of fire
 q - an amulet of guardian spirit (around neck)
 y - an uncursed ring of fire
 F - a +4 ring of evasion (right hand)
 J - a +4 ring of evasion (left hand)
Wands
 j - a wand of iceblast (6)
 o - a wand of flame (21)
 p - a wand of digging (2)
 G - a wand of paralysis (7)
 H - a wand of random effects (9)
Scrolls
 a - a scroll of magic mapping {unknown}
 e - 8 scrolls of remove curse
 l - 3 scrolls of immolation
 A - a scroll of fog
 B - a scroll of teleportation
Potions
 d - 2 potions of might
 k - a potion of attraction
 w - 3 potions of curing
 C - 4 potions of brilliance
 E - a potion of lignification


   Skills:
 + Level 11.3 Fighting
 + Level 11.9 Axes
 + Level 10.5 Armour
 + Level 10.4 Shields
 + Level 5.6 Invocations


You had 10 spell levels left.
You didn't know any spells.
Your spell library contained the following spells:

 Spells                   Type           Power        Failure   Level
 Beastly Appendage        Tmut           0%           99%         1
 Freeze                   Ice            0%           99%         1
 Magic Dart               Conj           0%           99%         1
 Searing Ray              Conj           0%           100%        2
 Wereblood                Tmut           0%           100%        2
 Dazzling Flash           Conj/Hex       0%           100%        3
 Frozen Ramparts          Ice            0%           100%        3
 Ozocubu's Armour         Ice            0%           100%        3
 Spider Form              Tmut/Pois      0%           100%        3
 Fulminant Prism          Conj/Hex       0%           100%        4
 Hailstorm                Conj/Ice       0%           100%        4
 Ice Form                 Ice/Tmut       0%           100%        4
 Iskenderun's Mystic Bla  Conj/Tloc      0%           100%        4
 Summon Ice Beast         Ice/Summ       0%           100%        4
 Blade Hands              Tmut           0%           100%        5
 Bolt of Magma            Conj/Fire/Erth 0%           100%        5
 Iskenderun's Battlesphe  Conj           0%           100%        5
 Iron Shot                Conj/Erth      0%           100%        6
 Orb of Destruction       Conj           0%           100%        7
 Spellforged Servitor     Conj/Summ      0%           100%        7


Dungeon Overview and Level Annotations

Branches:
Dungeon (12/15)            Temple (1/1) D:6            Lair (0/6) D:10
    Orc (0/2) D:11

Altars:
Ashenzari
Cheibriados
Dithmenos
Elyvilon
Fedhas
Gozag
Hepliaklqana
Kikubaaqudgha
Makhleb
Nemelex Xobeh
Okawaru
Qazlal
Ru
Sif Muna
Trog
Uskayaw
Vehumet
Wu Jian
Xom
Yredelemnul
Zin
The Shining One

Shops:
D:8 (   D:11 *

Annotations:
D:11 Sonja


Message History

The spatial vortex is lightly damaged.
You hit the spatial maelstrom.
The spatial maelstrom barely misses you.
The spatial maelstrom closely misses you.
You barely miss the spatial maelstrom.
The spatial maelstrom is lightly damaged.
Your chain mail prevents you from hitting the spatial vortex.
The spatial maelstrom hits you.
* * * LOW HITPOINT WARNING * * *
You block the spatial maelstrom's attack.
You hit the spatial maelstrom.
The spatial maelstrom is lightly damaged.
The spatial maelstrom hits you but does no damage.
The spatial maelstrom hits you!
* * * LOW HITPOINT WARNING * * *
The spatial vortex misses you.
A spatial vortex comes into view.
A spatial vortex comes into view.
The spatial maelstrom hits you!
You die...

## .### # #
...#.#. ..#..
### #.v##
#...###.#v##
#...@.#...##
#####vd.###.###
#.....#..#
...##..#
#vv#.......#
....###.#...
...#.# #.# ###
#......# #.. .
.. # #. .d# ##


You could see a green draconian, a spatial maelstrom and 2 spatial vortices.

Vanquished Creatures
  Erolcha (D:9)
  A titan skeleton (Abyss:2)
  An unseen horror (D:11)
  Pikel (D:5)
  An ugly thing (D:7)
  An elephant (D:10)
  Maurice (D:9)
  Joseph (D:8)
  2 smoke demons (Abyss:2)
  Maggie (D:6)
  A troll (D:9)
  4 slime creatures (D:11)
  A black mamba zombie (Abyss:2)
  3 wyverns
  A basilisk (D:10)
  Grum (D:9)
  Edmund (D:6)
  2 steam dragons (D:11)
  A warg (D:11)
  2 sky beasts
  Duvessa (D:5)
  An orc warrior (D:8)
  A black bear (D:10)
  2 ogres
  A necrophage (D:9)
  7 centaurs
  3 wolves (D:9)
  2 lemures (D:5)
  Blork the orc (D:5)
  A big kobold (D:9)
  7 bullfrogs
  Dowan (D:5)
  2 wyvern skeletons
  5 scorpions
  A water moccasin skeleton (D:8)
  21 killer bees
  7 howler monkeys
  12 wights
  3 electric eels (D:6)
  A bullfrog zombie (D:9)
  A centaur zombie (D:8)
  3 bullfrog skeletons
  2 hounds
  5 orc priests (D:11)
  A jelly (Abyss:2)
  3 centaur skeletons
  Jessica (D:2)
  3 iguanas (D:5)
  2 orc wizards
  4 worker ants
  A hound zombie (D:5)
  A howler monkey skeleton (D:5)
  7 gnolls
  11 adders
  A shadow imp (D:9)
  3 white imps
  An ufetubus (D:7)
  2 adder zombies (D:5)
  4 worms
  3 dart slugs
  5 leopard geckos
  24 orcs
  5 bats
  8 giant cockroaches
  3 goblins
  5 hobgoblins
  15 jackals
  14 kobolds
  7 quokkas
  3 frilled lizards
  A jackal skeleton (D:6)
  A jackal zombie (D:5)
  2 leopard gecko skeletons
  A quokka skeleton (D:7)
  A quokka zombie (D:7)
  5 rats
267 creatures vanquished.

Vanquished Creatures (others)
  7 plants
  3 withered plants (D:6)
10 creatures vanquished.

Grand Total: 277 creatures vanquished

Notes
Turn   | Place    | Note
-------+----------+-------------------------------------------
     0 | D:1      | MrTvister the Hill Orc Fighter began the quest for the Orb.
     0 | D:1      | Reached XP level 1. HP: 19/19 MP: 1/1
   200 | D:1      | Reached XP level 2. HP: 23/27 MP: 2/2
   876 | D:2      | Reached XP level 3. HP: 28/33 MP: 3/3
  1454 | D:2      | Found a glowing golden altar of the Shining One.
  1454 | D:2      | Noticed Jessica
  1463 | D:2      | Killed Jessica
  1464 | D:2      | Reached XP level 4. HP: 23/41 MP: 4/4
  1824 | D:2      | Reached XP level 5. HP: 42/47 MP: 5/5
  2511 | D:3      | Found a glowing drain.
  3212 | D:4      | Reached skill level 5 in Fighting
  3212 | D:4      | Reached XP level 6. HP: 49/56 MP: 6/6
  3843 | D:4      | Got a brightly glowing hand axe
  3846 | D:4      | Identified the +10 hand axe of Generosity {flame, rElec
                  | rPois rN++ Str-2} (You found it on level 4 of the Dungeon)
  4184 | D:5      | Entered Level 5 of the Dungeon
  4231 | D:5      | Noticed Duvessa
  4231 | D:5      | Noticed Dowan
  4311 | D:5      | Reached skill level 5 in Axes
  4342 | D:5      | Found a blossoming altar of Fedhas.
  4362 | D:5      | Noticed Pikel
  4377 | D:5      | Reached skill level 5 in Armour
  4377 | D:5      | Reached skill level 5 in Shields
  4393 | D:6      | Found a staircase to the Ecumenical Temple.
  4403 | D:6      | Reached XP level 7. HP: 55/62 MP: 5/7
  4481 | Temple   | Entered the Ecumenical Temple
  4718 | Temple   | Became a worshipper of Warmaster Okawaru
  4746 | D:6      | Found Jeskuf's Book Shop.
  4748 | D:6      | Noticed Maggie
  4769 | D:6      | Killed Maggie
  4769 | D:6      | Reached * piety under Okawaru
  4770 | D:6      | Reached XP level 8. HP: 46/71 MP: 5/8
  5148 | D:6      | Noticed Edmund
  5158 | D:6      | Killed Edmund
  5196 | D:6      | Reached ** piety under Okawaru
  5778 | D:6      | Found an ancient bone altar of Kikubaaqudgha.
  6137 | D:5      | Killed Pikel
  6138 | D:5      | Reached XP level 9. HP: 59/81 MP: 9/9
  6169 | D:5      | Killed Duvessa
  6174 | D:5      | Killed Dowan
  6347 | D:5      | Noticed Blork the orc
  6358 | D:5      | Killed Blork the orc
  6766 | D:7      | Reached skill level 1 in Invocations
  6859 | D:7      | Noticed a brown ugly thing
  6883 | D:7      | Killed a brown ugly thing
  6883 | D:7      | Reached *** piety under Okawaru
  7196 | D:7      | Found a hazy altar of Hepliaklqana.
  7265 | D:7      | Reached XP level 10. HP: 90/90 MP: 12/12
  7957 | D:8      | Found Vuops's Weapon Boutique.
  8003 | D:8      | Noticed Joseph
  8019 | D:8      | Killed Joseph
  8019 | D:8      | Reached **** piety under Okawaru
  8694 | D:9      | Reached skill level 10 in Axes
  9009 | D:9      | Noticed Grum
  9034 | D:9      | Killed Grum
  9296 | D:9      | Noticed Erolcha
  9314 | D:9      | Killed Erolcha
  9314 | D:9      | Reached ***** piety under Okawaru
  9315 | D:9      | Reached skill level 10 in Fighting
  9423 | D:9      | Reached XP level 11. HP: 58/100 MP: 13/13
  9740 | D:9      | Noticed Maurice
  9785 | D:9      | Killed Maurice
  9900 | D:9      | Found a broken altar of Ashenzari.
  9908 | D:9      | Found a glowing silver altar of Zin.
  9908 | D:9      | Found a white marble altar of Elyvilon.
  9919 | D:9      | Found a hide-covered altar of Uskayaw.
  9933 | D:9      | Found an ornate altar of the Wu Jian Council.
 10193 | D:10     | Entered Level 10 of the Dungeon
 10325 | D:10     | Found a staircase to the Lair.
 10333 | D:10     | Received a gift from Okawaru
 10977 | D:10     | Got a dazzling ring mail
 11017 | D:10     | Identified the cursed +1 ring mail of Beastly Awe {rPois
                  | Stlth+} (You found it on level 10 of the Dungeon)
 11134 | D:11     | Reached skill level 10 in Armour
 11181 | D:11     | Found Ykefirph's Assorted Antiques.
 11209 | D:11     | Bought a polished war axe for 221 gold pieces
 11209 | D:11     | Bought a shiny scale mail for 182 gold pieces
 11209 | D:11     | Identified the +4 war axe "Pinum" {vamp, rElec rC+ Str+4
                  | Dex-5} (You bought it in a shop on level 11 of the Dungeon)
 11236 | D:11     | Found a staircase to the Orcish Mines.
 11262 | D:11     | Reached skill level 10 in Shields
 12049 | D:11     | Killed an unseen horror
 12130 | D:11     | Noticed Sonja
 12150 | D:11     | Reached skill level 5 in Invocations
 12154 | D:11     | Received a gift from Okawaru
 12783 | D:11     | Cast into level 2 of the Abyss (Sonja)
 12783 | Abyss:2  | Found a corrupted altar of Lugonu.
 12886 | Abyss:2  | Reached ****** piety under Okawaru
 12963 | Abyss:2  | Noticed a green death
 13048 | Abyss:2  | Noticed a sixfirhy
 13056 | Abyss:2  | Noticed a lich
 13064 | Abyss:2  | Noticed a spatial maelstrom
 13097 | Abyss:2  | Noticed a sun demon
 13184 | Abyss:2  | Noticed a green draconian
 13188 | Abyss:2  | Noticed a spatial maelstrom
 13198 | Abyss:2  | Slain by a spatial maelstrom

Illustrated notes

Levels and vault maps discovered:
D:1:      lightli_arrival_quake, layout_basic
D:2:      layout_basic, nicolae_overflow_crystal_walls, uniq_jessica
D:3:      layout_basic, portal_sewer_entry_f, serial_bayou, serial_bayou_lake_a,
          serial_bayou_pond_d, serial_bayou_pond_d, serial_bayou_shore_a
D:4:      layout_basic
D:5:      layout_cave_pools, fedhas_altar_3, uniq_blork_the_orc, uniq_duvessa,
          uniq_pikel
D:6:      layout_rooms, kiku_gazebo_garden_becter, minmay_temple_entry_tees,
          serial_bayou, serial_bayou_pond_e, serial_bayou_pond_d,
          serial_bayou_ford_a, serial_bayou_shore_b, serial_shops, shop,
          uniq_edmund, uniq_maggie
D:7:      layout_basic, marbit_many_paths
D:8:      layout_basic, serial_shops, kennysheep_mini, uniq_joseph
D:9:      layout_rooms, minmay_overflow_temple_star_hex, uniq_maurice,
          uniq_erolcha, uniq_grum
D:10:     layout_roguey, david_lair_generic, serial_glass, glass_columns_a,
          glass_columns_b
D:11:     layout_long_grid, erik_orc_3, serial_shops, shop, grunt_ministairs_7,
          uniq_sonja
D:12:     layout_basic, uniq_azrael
Temple:   dshaligram_water_room_temple
Abyss:2:  base: D:11, base: D:6, hangedman_abyss_monster_moat, minivault_4,
          hangedman_abyss_exit_choices, hangedman_abyss_exit_choices,
          hangedman_elemental_corridor

Skill      XL: |  1  2  3  4  5  6  7  8  9 10 11 |
---------------+----------------------------------+-----
Axes           | 3 4 5 6 8 9 10 11 | 11.9
Fighting       | 4 5 6 8 10 11 | 11.3
Armour         | 4 5 7 8 9 10 | 10.5
Shields        | 4 5 7 8 9 10 | 10.4
Invocations    | 2 5 |  5.6

Action                   |  1- 3 |  4- 6 |  7- 9 | 10-12 || total
-------------------------+-------+-------+-------+-------++-------
Melee: War axe           |    81 |   110 |       |       ||   191
       Hand axe          |       |    22 |   192 |   400 ||   614
  Use: Scroll            |     1 |     6 |     1 |    12 ||    20
       Potion            |       |     4 |       |     5 ||     9
 Stab: Distracted        |       |       |       |     1 ||     1
Armor: Scale mail        |     6 |       |       |       ||     6
       Ring mail         |    42 |    57 |    10 |       ||   109
       Chain mail        |       |       |    74 |   161 ||   235
Dodge: Dodged            |    39 |    48 |    44 |   147 ||   278
Block: Kite shield       |    39 |    77 |   102 |   234 ||   452

Table legend: (Time is in decaauts)
 A = Elapsed time spent in this place.
 B = Non-inter-level travel time spent in this place.
 C = Inter-level travel time spent in this place.
 D = Time resting spent in this place.
 E = Time spent auto-exploring this place.
 F = Levels seen in this place.
 G = Mean time per level.
                   A        B        C        D        E       F      G
               +--------+--------+--------+--------+--------+-----+--------+
         Total |  13321 |   9045 |   4276 |   4577 |   2287 |  14 |  951.5 |
       Dungeon |  12659 |   8542 |   4117 |   4271 |   2252 |  12 | 1054.9 |
        Temple |    256 |     97 |    159 |     89 |      0 |   1 |  256.0 |
         Abyss |    405 |    405 |      0 |    217 |     35 |   1 |  405.0 |
               +--------+--------+--------+--------+--------+-----+--------+

Top non-repeatable levels by time:
     D:6: 1540 daAuts
     D:9: 1524 daAuts
    D:11: 1356 daAuts
     D:4: 1324 daAuts
     D:2: 1255 daAuts
     D:7: 1044 daAuts
     D:3: 914 daAuts
     D:1: 881 daAuts
     D:8: 868 daAuts
    D:10: 839 daAuts
     D:5: 775 daAuts
 Abyss:2: 405 daAuts
    D:12: 335 daAuts
  Temple: 256 daAuts
